 Dungeon Crawl Stone Soup version 0.31.0-11-ge490571c62 (webtiles) character file.

Game seed: 2234568061547617922

527 qw the Shooter (level 7, -6/35 HPs)
             Began as a Spriggan Hunter on Feb 3, 2024.
             Killed by divine providence
             ... invoked by an orc priest
              (15 damage)
             ... on level 4 of the Dungeon.
             The game lasted 00:01:00 (2705 turns).

qw the Shooter (Spriggan Hunter)                    Turns: 2705, Time: 00:01:01

Health: -6/35      AC:  6    Str:  7    XL:     7   Next: 2%
Magic:  8/8        EV: 21    Int: 11    God:
Gold:   97         SH:  0    Dex: 20    Spells: 6/6 levels left

rFire   . . .        a - +0 shortbow
rCold   . . .        (shield currently unavailable)
rNeg    . . .        c - +0 robe
rPois   +            (helmet restricted)
rElec   .            (no cloak)
rCorr   .            (gloves unavailable)
SInv    +            (boots unavailable)
Will    +....        (no amulet)
Stlth   ++           i - ring of poison resistance
HPRegen 0.25/turn    b - +4 ring of protection
MPRegen 0.11/turn

%: no passive effects
@: very quick
A: very small, no large weapons, unfitting armour, see invisible, speed 3
a: no special abilities


You were on level 4 of the Dungeon.
You visited 2 branches of the dungeon, and saw 5 of its levels.

You collected 97 gold pieces.


Innate Abilities, Weirdness & Mutations

You are very small and have problems with some larger weapons.
You are too small for most types of armour.
You have supernaturally acute eyesight. (SInv)
You cover ground extremely quickly. (Speed+++)


   Skills:
 - Level 2.4 Fighting
 + Level 6.9 Ranged Weapons
 - Level 6.1 Dodging
 - Level 1.5 Stealth


You had 6 spell levels left.
You didn't know any spells.
Your spell library was empty.

Inventory:

Hand Weapons
 a - a +0 shortbow (weapon)
Armour
 c - a +0 robe (worn)
 j - the +1 cloak of Fanaluc {Harm rElec}
   (You found it on level 2 of the Dungeon)

   rElec:     It insulates you from electricity.
   Harm:      It increases damage dealt and taken.
Jewellery
 b - a +4 ring of protection (right hand)
 i - a ring of poison resistance (left hand)
Scrolls
 d - a scroll of amnesia {unknown}
 e - a scroll of identify
Potions
 g - 2 potions of curing
 h - 2 potions of might

Dungeon Overview and Level Annotations

Branches:
Dungeon (4/15)             Temple (1/1) D:4

Altars:
Ashenzari
Cheibriados
Dithmenos
Elyvilon
Fedhas
Gozag
Kikubaaqudgha
Makhleb
Nemelex Xobeh
Qazlal
Ru
Sif Muna
Trog
Uskayaw
Wu Jian
Xom
Zin

Shops:
D:3 (


Message History

The arrow closely misses the orc priest.
You hear a shout!
The orc priest invokes the aid of Beogh against you.
Beogh smites you!
A kobold comes into view. It is wielding a +0 club.
You shoot an arrow.
The arrow hits the orc priest but does no damage.
The orc priest is moderately wounded.
The orc priest invokes the aid of Beogh against you.
Pain shoots through your body!
You shoot an arrow. The arrow hits the orc priest.
The orc priest is heavily wounded.
You shoot an arrow. The arrow hits the orc priest.
The orc priest is heavily wounded.
You shoot an arrow.
The arrow hits the orc priest but does no damage.
The orc priest is heavily wounded.
You shoot an arrow. The arrow hits the orc priest.
The orc priest is heavily wounded.
You shoot an arrow. The arrow barely misses the orc priest.
The orc priest hits you with a +0 war axe.
You shoot an arrow. The arrow barely misses the orc priest.
The arrow hits the kobold.
You kill the kobold!
The orc priest barely misses you. The orc wizard completely misses you.
You shoot an arrow.
The arrow closely misses the orc priest.
The orc priest barely misses you. The orc wizard completely misses you.
You shoot an arrow.
The arrow hits the orc priest but does no damage.
The orc priest is heavily wounded.
The orc priest misses you. The orc wizard casts a spell at you.
The magic dart hits you.
You shoot an arrow.
The arrow hits the orc priest but does no damage.
The orc priest is heavily wounded.
The orc priest invokes the aid of Beogh against you.
Beogh smites you!
You die...

### .. ###.# ##.#
.... .... .o.#.....
...###... #ooo.#
##...#...# #@#
........# #.#
#..#...# ##.##
##.##..# ##.#.##
##...#..#####.###.##
##............## ##.#
......#.##.###.###.##
.....###..#.###.#..#
....## ##.)#.###.#.#


You could see an orc priest, 2 orc wizards and an orc.

Vanquished Creatures
  A water moccasin (D:4)
  A bullfrog (D:3)
  A scorpion (D:3)
  A bombardier beetle (D:3)
  Jessica (D:3)
  An iguana (D:3)
  2 orc wizards (D:4)
  3 gnolls (D:2)
  6 adders
  A dart slug (D:1)
  2 ribbon worms
  4 orcs
  4 bats
  An endoplasm (D:4)
  4 giant cockroaches
  7 goblins
  4 hobgoblins
  10 jackals
  2 quokkas
  4 ball pythons
  3 frilled lizards
  11 kobolds
  4 rats
78 creatures vanquished.

Notes
Turn   | Place    | Note
-------+----------+-------------------------------------------
     0 | D:1      | qw the Spriggan Hunter began the quest for the Orb.
     0 | D:1      | Reached XP level 1. HP: 10/10 MP: 2/2
     0 | D:1      | 0 ||| qw: Version: 0.3-a-155-g5e7d8dd
     0 | D:1      | 0 ||| qw: Game counter: 3246
     0 | D:1      | 0 ||| qw: Melee chars always use a shield: true
     0 | D:1      | 0 ||| qw: God list: Okawaru
     0 | D:1      | 0 ||| qw: Allow faded altars: false
     0 | D:1      | 0 ||| qw: Do Orc after clearing Dungeon:15 true
     0 | D:1      | 0 ||| qw: Do second Lair branch before Depths: true
     0 | D:1      | 0 ||| qw: Lair rune preference: random
     0 | D:1      | 0 ||| qw: Goals: Normal
     0 | D:1      | 0 ||| PLANNING D:1-11
    39 | D:1      | Reached skill level 3 in Dodging
   166 | D:1      | Reached XP level 2. HP: 11/14 MP: 3/3
   601 | D:1      | 601 ||| READING scroll labelled BUOHOA BIUNK.
   602 | D:1      | 602 ||| READING 2 scrolls labelled PUNNI CYTT.
   607 | D:1      | 607 ||| READING scroll labelled VULUGO IFUE.
   607 | D:1      | 607 ||| IDENTIFYING coppery potion
   608 | D:1      | 608 ||| DRINKING 2 fuming purple potions.
   609 | D:1      | 609 ||| DROPPING scroll of butterflies.
   700 | D:2      | Reached XP level 3. HP: 18/18 MP: 4/4
   735 | D:2      | Identified the +1 cloak of Fanaluc {Harm rElec}
   926 | D:2      | 926 ||| RETREEEEATING.
   927 | D:2      | 927 ||| RETREEEEATING.
   928 | D:2      | 928 ||| RETREEEEATING.
   929 | D:2      | 929 ||| RETREEEEATING.
   930 | D:2      | 930 ||| RETREEEEATING.
   931 | D:2      | 931 ||| RETREEEEATING.
   932 | D:2      | 932 ||| RETREEEEATING.
   933 | D:2      | 933 ||| RETREEEEATING.
   937 | D:2      | Reached XP level 4. HP: 22/22 MP: 5/5
  1250 | D:2      | 1250 ||| UPGRADING to ring of poison resistance.
  1251 | D:2      | 1251 ||| READING scroll of identify.
  1251 | D:2      | 1251 ||| IDENTIFYING yellow potion
  1252 | D:2      | 1252 ||| READING scroll labelled XATUEH ICEALUS.
  1253 | D:2      | 1253 ||| READING 2 scrolls labelled HUEN ITHRUFIAP.
  1254 | D:2      | 1254 ||| READING scroll labelled JEILAWIEXTE.
  1355 | D:2      | 1355 ||| READING scroll labelled COESSEEBRANEC.
  1356 | D:2      | 1356 ||| DROPPING scroll of fear.
  1406 | D:3      | 1406 ||| STAIRDANCE
  1593 | D:3      | Noticed a scorpion
  1603 | D:3      | HP: 5/22 [poisoned by a scorpion]
  1604 | D:3      | 1604 ||| READING scroll of teleportation.
  1605 | D:3      | 1605 ||| DRINKING potion of heal wounds.
  1926 | D:3      | Reached XP level 5. HP: 27/27 MP: 6/6
  1926 | D:3      | Noticed Jessica
  1928 | D:3      | Killed Jessica
  1950 | D:3      | Found Riora's Antique Weapon Emporium.
  1954 | D:3      | 1954 ||| SHOPLISTING glowing sling (90 gold, have 80).
  2147 | D:3      | Found a sparkling altar of Nemelex Xobeh.
  2282 | D:3      | Reached skill level 6 in Ranged Weapons
  2282 | D:3      | Reached XP level 6. HP: 32/32 MP: 7/7
  2386 | D:3      | 2386 ||| UPGRADING to +4 ring of protection.
  2387 | D:3      | 2387 ||| READING scroll labelled WEKHUFEED.
  2399 | D:4      | Reached skill level 6 in Dodging
  2438 | D:4      | Found a staircase to the Ecumenical Temple.
  2439 | D:4      | 2439 ||| PLANNING TEMPLE
  2447 | Temple   | Entered the Ecumenical Temple
  2448 | Temple   | 2448 ||| PLANNING D:1-11
  2479 | D:4      | Noticed a water moccasin
  2491 | D:4      | Killed a water moccasin
  2492 | D:4      | Reached XP level 7. HP: 22/35 MP: 8/8
  2704 | D:4      | HP: 8/35 [orc wizard/magic dart (2)]
  2705 | D:4      | Killed from afar by an orc priest

Levels and vault maps discovered:
D:1:      wander_arrival_estate, layout_loops_ring
D:2:      layout_loops_cross
D:3:      layout_basic, mainiacjoe_overflow_alcove_1, serial_shops, shop,
          uniq_jessica
D:4:      layout_loops_ring, okawaru_ov_weapons_minmay,
          minmay_temple_entry_trees, dilly_guarded_unrand_morg
Temple:   compressed_dpeg_triangle_lava_temple

Skill      XL: |  1  2  3  4  5  6 |
---------------+-------------------+-----
Dodging        | 3 4 5 6 |  6.1
Ranged Weapons | 5 6 |  6.9
Fighting       | 2 |  2.4
Stealth        | |  1.5

Action                     |  1- 3 |  4- 6 |  7- 9 || total
---------------------------+-------+-------+-------++-------
   Fire: Shortbow          |   102 |   138 |    27 ||   267
    Use: Scroll            |     3 |     7 |       ||    10
         Potion            |     1 |     1 |       ||     2
 Armour: Robe              |    20 |    33 |     2 ||    55
  Dodge: Dodged            |    76 |    66 |     6 ||   148

Table legend:
 A = Non-vault XP
 B = Vault XP
 C = Vault XP percentage of total XP
 D = Non-vault monster count
 E = Vault monster count
 F = Vault count percentage of total count
                 A         B        C        D         E       F
            +---------+---------+-------+---------+---------+-------
      Total |     716 |      37 |   4.9 |      77 |       1 |   1.3
            +---------+---------+-------+---------+---------+-------
        D:1 |      40 |       0 |   0.0 |      24 |       0 |   0.0
        D:2 |      89 |       0 |   0.0 |      17 |       0 |   0.0
        D:3 |     336 |      37 |   9.9 |      20 |       1 |   4.8
        D:4 |     251 |       0 |   0.0 |      16 |       0 |   0.0
            +---------+---------+-------+---------+---------+-------
